 Dungeon Crawl Stone Soup version 0.24-a0-201-gf205589 (webtiles) character file.

Game seed: 60703924418471082

122 Ivan the Skirmisher (level 5, -5/47 HPs)
             Began as a Hill Orc Fighter on Mar 22, 2019.
             Slain by an ice beast (7 damage)
             ... on level 2 of the Dungeon.
             The game lasted 00:04:29 (1906 turns).

Ivan the Skirmisher (Hill Orc Fighter)              Turns: 1906, Time: 00:04:30

Health: -5/47      AC:  8    Str: 20    XL:     5   Next: 6%
Magic:  5/5        EV:  7    Int:  8    God:
Gold:   74         SH:  9    Dex: 10    Spells: 4/4 levels left

rFire    . . .     SeeInvis .   a - +0 long sword
rCold    . . .     Gourm    .   c - +0 shield
rNeg     . . .     Faith    .   b - +0 scale mail
rPois    .         Spirit   .   (no helmet)
rElec    .         Reflect  .   (no cloak)
rCorr    .         Harm     .   (no gloves)
MR       +....                  o - +0 pair of boots
Stlth    ..........             (no amulet)
HPRegen  0.15/turn              i - ring of wizardry (curse)
MPRegen  0.09/turn              j - ring of protection from magic

@: no status effects
A: no striking features
a: no special abilities


You were on level 2 of the Dungeon.
You were not hungry.

You visited 1 branch of the dungeon, and saw 2 of its levels.

You collected 74 gold pieces.

Inventory:

Hand Weapons
 a - a +0 long sword (weapon)
Armour
 b - a +0 scale mail (worn)
 c - a +0 shield (worn)
 o - a +0 pair of boots (worn)
Jewellery
 i - a cursed ring of wizardry (left hand)
 j - a ring of protection from magic (right hand)
Scrolls
 g - 2 scrolls of identify {unknown}
 k - a scroll of teleportation {unknown}
 m - a scroll of magic mapping {unknown}
Potions
 d - a potion of might
 e - 3 potions of curing
 h - a potion of ambrosia {unknown}
 l - 2 potions of heal wounds {unknown}
Comestibles
 f - 8 rations
 n - 2 chunks of flesh


   Skills:
 * Level 4.6 Fighting
 + Level 3.5 Long Blades
 + Level 4.1 Armour
 + Level 4.0 Shields


You had 4 spell levels left.
You didn't know any spells.
Your spell library was empty.

Dungeon Overview and Level Annotations

Branches:
Dungeon (2/15)

Altars:
Okawaru

Annotations:
D:2 1 runed translucent door, Crazy Yiuf


Message History

* * * LOW HITPOINT WARNING * * *
The ice beast hits you but does no damage.
You feel better. You block the ice beast's attack.
You hit the ice beast but do no damage.
The ice beast is severely wounded.
The ice beast hits you but does no damage.
You closely miss the ice beast.
The ice beast is severely wounded.
You block the ice beast's attack.
The ice beast hits you but does no damage.
You completely miss the ice beast.
The ice beast is severely wounded.
The ice beast hits you. The ice beast freezes you!
* * * LOW HITPOINT WARNING * * *
You slash the ice beast!
The ice beast is almost dead.
The ice beast hits you.
* * * LOW HITPOINT WARNING * * *
The ice beast freezes you!
You die...

.........# ##.....## ##.#
######.#.# ##.......## ##..#
##....###.........####...#####
#.......'.........+...........
##....###.........####...#####
##.#.# ##.......## ##......#
###.# ##.....## ##.....# ...
##...### #.....# ... #.Y@...#
#.....# .... #.#.##.# #.....#
... #.#.# .# ###.### #.#[# #
.# ..... # ... ... .....


You could see an ice beast.

Vanquished Creatures
  7 gnolls
  2 worms (D:2)
  3 leopard geckos
  A giant cockroach (D:2)
  7 goblins
  3 hobgoblins (D:2)
  10 jackals
  7 bats
  5 kobolds
  2 rats
47 creatures vanquished.

Notes
Turn   | Place    | Note
-------+----------+-------------------------------------------
     0 | D:1      | Ivan the Hill Orc Fighter began the quest for the Orb.
     0 | D:1      | Reached XP level 1. HP: 19/19 MP: 1/1
   330 | D:1      | Reached XP level 2. HP: 26/27 MP: 2/2
   885 | D:1      | Reached XP level 3. HP: 23/33 MP: 3/3
  1293 | D:2      | Reached XP level 4. HP: 11/40 MP: 4/4
  1634 | D:2      | Found an iron altar of Okawaru.
  1720 | D:2      | Found a runed translucent door.
  1721 | D:2      | Noticed Crazy Yiuf
  1820 | D:2      | Reached XP level 5. HP: 44/47 MP: 5/5
  1893 | D:2      | Noticed an ice beast
  1906 | D:2      | HP: 2/47 [ice beast (4)]
  1906 | D:2      | Slain by an ice beast

Levels and vault maps discovered:
D:1:      dpeg_arrival_oval, layout_basic, serial_park_tiny_1, st_stairs_6,
          corner_web_ring
D:2:      layout_loops_corners, okawaru_altar_gauntlet_db,
          uniq_crazy_yiuf_cottage

Skill      XL: |  1  2  3  4 |
---------------+-------------+-----
Fighting       | 4 |  4.6
Long Blades    | 3 |  3.5
Armour         | 4 |  4.1
Shields        | 4 |  4.0

Action                   |  1- 3 |  4- 6 || total
-------------------------+-------+-------++-------
Melee: Long sword        |   129 |    71 ||   200
  Use: Potion            |     2 |     1 ||     3
  Eat: Chunk             |     1 |     3 ||     4
Armor: Scale mail        |    72 |    43 ||   115
Dodge: Dodged            |    46 |    18 ||    64
Block: Shield            |    76 |    42 ||   118
       Rpst.: Long sword |    15 |     4 ||    19

Table legend:
 A = Non-vault XP
 B = Vault XP
 C = Vault XP percentage of total XP
 D = Non-vault monster count
 E = Vault monster count
 F = Vault count percentage of total count
                 A         B        C        D         E       F
            +---------+---------+-------+---------+---------+-------
      Total |     137 |      38 |  21.7 |      39 |       8 |  17.0
            +---------+---------+-------+---------+---------+-------
        D:1 |      41 |       4 |   8.9 |      18 |       2 |  10.0
        D:2 |      96 |      34 |  26.2 |      21 |       6 |  22.2
            +---------+---------+-------+---------+---------+-------
